 Dungeon Crawl Stone Soup version 0.25.1-2-g60ff931df9 (webtiles) character file.

Game seed: 849586067570908050

179020 nikku the Unseen (level 17, -1/99 HPs)
             Began as a Spriggan Assassin on Aug 22, 2020.
             Was a High Priest of Dithmenos.
             Slain by a redback (4 damage)
             ... on level 4 of the Spider Nest on Aug 24, 2020.
             The game lasted 03:11:33 (40141 turns).

nikku the Unseen (Spriggan Assassin)               Turns: 40141, Time: 03:11:34

Health: -1/99      AC: 17    Str: 12    XL:     17   Next: 59%
Magic:  2/29       EV: 31    Int: 15    God:    Dithmenos [*****.]
Gold:   1707       SH: 14    Dex: 17    Spells: 23/31 levels left

rFire    . . .     SeeInvis +   a - +4 dagger (elec)
rCold    . . .     Gourm    .   Q - +1 buckler "Metulou" {Slay+3}
rNeg     . . .     Faith    .   S - +1 steam dragon scales
rPois    .         Spirit   .   (helmet restricted)
rElec    .         Reflect  +   c - +2 cloak
rCorr    .         Harm     .   (gloves unavailable)
MR       ++...                  (boots unavailable)
Stlth    ++++++++++             O - amulet of reflection
HPRegen  0.26/turn              T - +4 ring of protection
MPRegen  0.21/turn              m - +4 ring of protection

@: lethally poisoned (-1 -> -23), marked, singing, berserk cooldown, slowed,
wreathed by umbra, quick
A: very small, unfitting armour, see invisible, herbivore, speed 3, slow
metabolism 2
a: Shadow Step, Shadow Form, Renounce Religion


You were on level 4 of the Spider Nest.
You worshipped Dithmenos.
Dithmenos was extremely pleased with you.
You were not hungry.

You visited 4 branches of the dungeon, and saw 26 of its levels.
You also visited: Sewer and Ossuary.

You collected 2032 gold pieces.
You spent 325 gold pieces at shops.

Inventory:

Hand Weapons
 a - a +4 dagger of electrocution (weapon)
 b - a +0 hunting sling of freezing
 D - the +3 dagger of Embarrassment {freeze, Str+4 Stlth+}
   (You found it on level 7 of the Dungeon)

   It has been specially enchanted to freeze those struck by it, causing extra
   injury to most foes and up to half again as much damage against particularly
   susceptible opponents.
   It can also slow down cold-blooded creatures.
   It affects your strength (+4).
   It makes you more stealthy.
Missiles
 h - 86 sling bullets
 l - 4 atropa-tipped darts (quivered)
 x - 4 datura-tipped darts
Armour
 c - a +2 cloak (worn)
 d - the +1 robe of the Swamp {rC+}
   (You found it on level 15 of the Dungeon)

   It protects you from cold.
 i - a +2 robe of positive energy
 Q - the +1 buckler "Metulou" (worn) {Slay+3}
   (You acquired it on level 12 of the Dungeon)

   It affects your accuracy and damage with ranged weapons and melee attacks
   (+3).
 S - +1 steam dragon scales (worn)
 X - a +0 troll leather armour
Jewellery
 k - an uncursed ring of resist corrosion
 m - a +4 ring of protection (right hand)
 s - an uncursed ring of protection from fire
 E - an uncursed ring of ice
 O - an amulet of reflection (around neck)
 T - a +4 ring of protection (left hand)
Wands
 n - a wand of digging (4)
 r - a wand of iceblast (4)
 v - a wand of paralysis (20)
 y - a wand of disintegration (16)
 F - a wand of polymorph (12)
 G - a wand of acid (3)
 I - a wand of flame (7)
 M - a wand of clouds (6)
 V - a wand of enslavement (6)
Scrolls
 j - 5 scrolls of fog
 A - 8 scrolls of teleportation
 C - a scroll of enchant armour
 J - 2 scrolls of blinking
 K - 3 scrolls of magic mapping
 N - 3 scrolls of identify
 W - a scroll of holy word {unknown}
 Z - a scroll of summoning
Potions
 e - 7 potions of curing
 g - 3 potions of stabbing
 o - a potion of invisibility
 p - 3 potions of heal wounds
 t - 4 potions of brilliance
 u - a potion of resistance
 w - 4 potions of magic
 z - 8 potions of lignification
 H - a potion of haste
 L - 2 potions of ambrosia
Miscellaneous
 B - a phial of floods
 P - a tin of tremorstones (3/3)
 R - a phantom mirror
 Y - a lightning rod (4/4)
Comestibles
 f - 34 rations


   Skills:
 + Level 15.1 Fighting
 - Level 10.0 Short Blades
 - Level 11.1(12.0) Slings
 - Level 6.2(8.7) Throwing
 - Level 15.6 Dodging
 - Level 17.5 Stealth
 - Level 7.2 Shields
 + Level 7.6 Spellcasting
 - Level 6.0 Hexes
 - Level 6.0 Charms
 - Level 8.0 Evocations


You had 23 spell levels left.
You knew the following spells:

 Your Spells              Type           Power        Failure   Level  Hunger
a - Song of Slaying       Chrm           ###.....     1%          2    None
b - Spectral Weapon       Hex/Chrm       ###.....     3%          3    ##.....
c - Confusing Touch       Hex            ###.....     3%          3    ##.....

Your spell library contained the following spells:

 Spells                   Type           Power        Failure   Level  Hunger
 Infusion                 Chrm           ###.         1%          1    None
 Shroud of Golubria       Chrm/Tloc      ##....       5%          2    None
 Ozocubu's Armour         Chrm/Ice       ##......     11%         3    ##.....
 Sandblast                Erth           #.....       13%         1    None
 Sting                    Tmut/Pois      #...         13%         1    None
 Passwall                 Tmut/Erth      #.......     19%         2    None
 Poisonous Vapours        Pois/Air       #.....       19%         2    None
 Gell's Gravitas          Tloc           #.........   36%         3    ##.....
 Ignite Poison            Fire/Tmut/Pois #.......     36%         3    ##.....
 Mephitic Cloud           Conj/Pois/Air  #.......     36%         3    ##.....
 Stone Arrow              Conj/Erth      #.....       36%         3    ##.....
 Metabolic Englaciation   Hex/Ice        ##........   71%         5    #####..
 Yara's Violent Unravell  Hex/Tmut       ##........   71%         5    #####..
 Olgreb's Toxic Radiance  Pois           #.......     77%         4    ####...
 Petrify                  Tmut/Erth      #.......     77%         4    ####...
 Irradiate                Conj/Tmut      #.........   98%         5    #####..
 Lee's Rapid Deconstruct  Erth           #.........   98%         5    #####..
 Hydra Form               Tmut           #.........   100%        6    #######
 Statue Form              Tmut/Erth      #........    100%        6    #######
 Dragon Form              Tmut           #.........   100%        7    #######


Dungeon Overview and Level Annotations

Branches:
Dungeon (15/15)            Temple (0/1) D:7            Lair (6/6) D:9
  Swamp (1/4) Lair:2       Spider (4/4) Lair:3        Slime (0/5) Lair:5
    Orc (0/2) D:12         Vaults (0/5) D:13         Depths (0/5) D:15
  Sewer (visited)         Ossuary (visited)

Altars:
Ashenzari
Cheibriados
Dithmenos
Kikubaaqudgha
Ru
Trog
Uskayaw
Vehumet
Beogh

Shops:
D:15 *

Portals:
Trove: D:10 (give 5 potions of resistance)

Annotations:
D:7 Jaiteiro's ghost, novice GnFi
D:12 exclusion: downstairs
D:14 exclusion: downstairs
Spider:2 exclusion: 2 downstairs


Innate Abilities, Weirdness & Mutations

You are very small and have problems with some larger weapons.
You are too small for most types of armour.
You have supernaturally acute eyesight. (SInv)
You are a herbivore.
You cover ground extremely quickly.
You need to consume almost no food.


Message History

* * * LOW HITPOINT WARNING * * *
You are more poisoned.
The redback poisons you!
The jumping spider leaps!
You feel better. You block the spark wasp's attack.
The redback completely misses you.
The jumping spider leaps!
You block the wolf spider's attack. The wolf spider misses you.
You block the tarantella's attack.
A redback comes into view.
The redback bites you but does no damage.
The spark wasp completely misses you.
The jumping spider pounces on you but does no damage.
The jumping spider bites you but does no damage.
The redback misses you. You block the tarantella's attack.
The wolf spider hits you!
* * * LOW HITPOINT WARNING * * *
The wolf spider bites you.
* * * LOW HITPOINT WARNING * * *
You are lethally poisoned!
The wolf spider poisons you! The redback bites you.
You die...

### #..# .
#...#^.
###....^.#
#^........
##ss°......
##.#@s......
#..ssy.s°...
#^....○...s..
###.......<..
##.s.......
#.....s..s
..........
#....#....
..........


You could see a spark wasp, a demonic crawler, a wolf spider, 3 jumping spiders,
2 tarantellas and 3 redbacks.

Vanquished Creatures
  Arachne (Spider:3)
  Jorgrun (D:15)
  Kirke (D:15)
  Donald (Spider:4)
  2 ghost moths
  2 emperor scorpions
  6 entropy weavers
  Azrael (D:15)
  3 spark wasps
  Snorg (D:12)
  An ogre mage (D:15)
  7 hydras
  An anaconda (Lair:5)
  6 catoblepae
  A death knight (D:11)
  2 centaur warriors
  A vampire mage (D:15)
  7 two-headed ogres
  14 death yaks
  Nergalle (Lair:2)
  8 slime creatures
  2 fire crabs (D:12)
  5 skeletal warriors
  3 unseen horrors
  A spark wasp zombie (D:15)
  Pikel (D:5)
  A phantasmal warrior (D:11)
  A necromancer (D:15)
  7 orb spiders
  3 deep elf magi
  2 orc knights
  12 ugly things
  2 manticores (Lair:6)
  A frost giant zombie (D:15)
  25 wolf spiders
  2 oklob plants (Lair:5)
  4 cyclopes
  A moth of wrath (Spider:1)
  6 elephants
  A gargoyle (D:15)
  7 black mambas
  17 spiny frogs
  3 torpor snails
  A yaktaur zombie (D:15)
  4 komodo dragons
  2 rime drakes
  A freezing wraith (D:11)
  8 demonic crawlers
  3 polar bears
  A guardian mummy (D:15)
  8 trolls
  6 meliai
  23 jumping spiders
  Grinder (D:4)
  2 queen bees
  13 hornets
  16 blink frogs
  6 hippogriffs
  A meliai zombie (D:13)
  46 redbacks
  2 shadows
  44 yaks
  A vampire (D:11)
  2 fire elementals (D:15)
  15 tarantellas
  2 wraiths
  3 basilisks
  2 water elementals (D:15)
  2 wyverns
  A steam dragon (D:12)
  A hungry ghost (D:15)
  5 vampire mosquitoes
  4 insubstantial wisps (Swamp:1)
  3 swamp worms (Swamp:1)
  3 wargs
  6 porcupines
  2 hell hounds (D:15)
  13 water moccasins
  A meliai simulacrum (D:15)
  3 black bears
  14 orc warriors
  A slave (D:5)
  6 ice beasts
  A phantom (D:12)
  3 sky beasts
  A hornet zombie (D:15)
  4 boggarts (Lair:4)
  An eye of draining (D:10)
  An ogre (shapeshifter) (D:14)
  16 ogres
  14 wolves
  12 centaurs
  15 crocodiles
  3 big kobolds
  A wyvern zombie (D:11)
  15 bullfrogs
  A wyvern skeleton (D:11)
  2 water moccasin zombies (Ossuary)
  5 scorpions
  36 killer bees
  5 wights (D:11)
  2 vampire bats (Lair:6)
  5 electric eels
  3 howler monkeys
  7 crimson imps
  7 jellies
  7 hounds
  12 orc wizards
  A gnoll shaman (D:6)
  11 orc priests
  A bullfrog skeleton (D:10)
  3 centaur skeletons
  9 iguanas
  11 hell rats
  8 worker ants
  A killer bee zombie (D:9)
  A big kobold zombie (Ossuary)
  A hound zombie (D:10)
  2 hound skeletons (D:11)
  2 howler monkey zombies
  2 mummies (Ossuary)
  2 worker ant zombies
  12 gnolls
  A howler monkey skeleton (D:8)
  16 adders
  7 river rats
  A shadow imp (D:11)
  An ooze (Sewer)
  An adder zombie (Ossuary)
  2 adder skeletons
  5 worms
  A dart slug (D:2)
  4 leopard geckos
  83 orcs
  5 giant cockroaches
  2 gnoll zombies (Ossuary)
  8 hobgoblins
  3 jackals (D:3)
  30 kobolds
  3 quokkas
  4 ball pythons
  11 bats
  5 frilled lizards
  9 goblins
  4 hobgoblin zombies (Ossuary)
  A jackal skeleton (D:8)
  A jackal zombie (D:8)
  6 kobold zombies (Ossuary)
  A leopard gecko skeleton (D:5)
  8 orc zombies (Ossuary)
  A quokka skeleton (D:4)
  28 rats
  A plant (Lair:3)
952 creatures vanquished.

Vanquished Creatures (others)
  A spriggan zombie (D:15)
  A jumping spider (Spider:3)
  3 humans (D:15)
  An orc (D:5)
  2 fungi (Lair:5)
  31 plants
  3 spectral weapons
  3 withered plants (D:15)
45 creatures vanquished.

Grand Total: 997 creatures vanquished

Notes
Turn   | Place    | Note
-------+----------+-------------------------------------------
     0 | D:1      | nikku the Spriggan Assassin began the quest for the Orb.
     0 | D:1      | Reached XP level 1. HP: 10/10 MP: 2/2
   330 | D:1      | Found a snail-covered altar of Cheibriados.
   489 | D:1      | Reached skill level 6 in Stealth
   526 | D:1      | Reached XP level 2. HP: 15/15 MP: 3/3
   777 | D:2      | Reached XP level 3. HP: 18/18 MP: 4/4
  1328 | D:2      | Reached XP level 4. HP: 5/23 MP: 5/5
  1797 | D:3      | Found a bloodstained altar of Trog.
  2415 | D:3      | Reached XP level 5. HP: 7/27 MP: 6/6
  2426 | D:3      | Found a glowing drain.
  2435 | Sewer    | Entered a sewer
  2999 | Sewer    | Reached skill level 7 in Stealth
  3503 | Sewer    | Reached XP level 6. HP: 11/32 MP: 7/7
  5459 | D:4      | Found a sand-covered staircase.
  5464 | Ossuary  | Entered an ossuary
  5499 | Ossuary  | Reached XP level 7. HP: 24/37 MP: 8/8
  6067 | D:4      | Noticed Grinder
  6080 | D:4      | Paralysed by Grinder for 2 turns
  6086 | D:4      | Killed Grinder
  6086 | D:4      | Reached skill level 5 in Dodging
  6086 | D:4      | Reached skill level 8 in Stealth
  6190 | D:4      | Found a radiant altar of Vehumet.
  6196 | D:4      | Found a shattered altar of Ashenzari.
  6202 | D:4      | Found a sacrificial altar of Ru.
  6340 | D:5      | Entered Level 5 of the Dungeon
  6548 | D:5      | Reached XP level 8. HP: 37/42 MP: 9/9
  6981 | D:5      | Found a shadowy altar of Dithmenos.
  6990 | D:5      | Became a worshipper of Dithmenos the Shadowed
  7110 | D:5      | Noticed Pikel
  7240 | D:5      | Killed Pikel
  7240 | D:5      | Reached skill level 5 in Fighting
  7240 | D:5      | Reached skill level 5 in Short Blades
  7240 | D:5      | Reached skill level 9 in Stealth
  8179 | D:6      | Reached skill level 5 in Throwing
  8756 | D:7      | Reached XP level 9. HP: 48/48 MP: 10/10
  9005 | D:7      | Reached * piety under Dithmenos
  9059 | D:7      | Found a runed translucent door.
  9059 | D:7      | Noticed Jaiteiro's ghost (novice GnFi)
  9203 | D:7      | Got a transparent dagger
  9266 | D:7      | Found a staircase to the Ecumenical Temple.
  9688 | D:7      | Reached skill level 10 in Stealth
  9861 | D:7      | Identified the cursed +1 leather armour of Tecw {Dex+9}
 10178 | D:8      | Reached ** piety under Dithmenos
 10849 | D:8      | Noticed a queen bee
 10904 | D:8      | Killed a queen bee
 10904 | D:8      | Reached XP level 10. HP: 55/55 MP: 11/11
 11157 | D:8      | Reached skill level 1 in Slings
 11180 | D:8      | Reached skill level 11 in Stealth
 11294 | D:8      | You fall into a shaft and drop 3 floors!
 11309 | D:10     | Entered Level 10 of the Dungeon
 11383 | D:10     | Reached *** piety under Dithmenos
 12103 | D:10     | Found a portal to a secret trove of treasure.
 12380 | D:9      | HP: 2/56 [porcupine's spines (12)]
 13144 | D:8      | Identified the cursed +3 dagger of Embarrassment {freeze,
                  | Str+4 Stlth+} (You found it on level 7 of the Dungeon)
 13173 | D:8      | Reached **** piety under Dithmenos
 13398 | D:9      | Noticed an unseen horror
 13408 | D:9      | Killed an unseen horror
 13471 | D:9      | Found a staircase to the Lair.
 13635 | D:9      | Reached skill level 12 in Stealth
 13635 | D:9      | Reached XP level 11. HP: 49/60 MP: 12/12
 14161 | D:11     | Reached skill level 10 in Dodging
 14388 | D:11     | Noticed a green ugly thing
 14388 | D:11     | Noticed a phantasmal warrior
 14579 | Lair:1   | Entered Level 1 of the Lair of Beasts
 14989 | Lair:1   | Reached skill level 5 in Slings
 15409 | Lair:1   | HP: 3/62 [blink frog (12)]
 16358 | Lair:2   | Noticed a seven-headed hydra
 16444 | Lair:2   | Killed a seven-headed hydra
 16544 | Lair:2   | Found a staircase to the Swamp.
 16571 | Lair:2   | Reached ***** piety under Dithmenos
 16685 | Lair:2   | Reached skill level 13 in Stealth
 16699 | Lair:2   | Noticed Nergalle
 16719 | Lair:2   | Killed Nergalle
 17418 | Lair:3   | Reached XP level 12. HP: 67/67 MP: 13/13
 17430 | Lair:3   | Reached skill level 10 in Fighting
 17904 | Lair:3   | Found a hole to the Spider Nest.
 18133 | Lair:3   | Reached skill level 1 in Shields
 19590 | Lair:4   | Noticed a death yak
 19612 | Lair:4   | Noticed a death yak
 19860 | Lair:3   | Killed a death yak
 19860 | Lair:3   | Reached skill level 1 in Evocations
 20022 | Lair:3   | Killed a death yak
 20022 | Lair:3   | Reached skill level 14 in Stealth
 20063 | Lair:4   | Noticed a death yak
 20063 | Lair:4   | Noticed a catoblepas
 20065 | Lair:4   | Noticed a catoblepas
 20067 | Lair:4   | Killed a catoblepas
 20089 | Lair:4   | Killed a catoblepas
 20114 | Lair:4   | Killed a death yak
 20114 | Lair:4   | Reached skill level 10 in Short Blades
 21179 | Lair:5   | Reached XP level 13. HP: 73/73 MP: 16/16
 21768 | Lair:5   | You fall into a shaft and drop 1 floor!
 21768 | Lair:6   | Entered Level 6 of the Lair of Beasts
 22395 | Lair:5   | Found a staircase to the Slime Pits.
 22856 | Lair:5   | Reached skill level 5 in Evocations
 23194 | Lair:5   | Reached skill level 15 in Stealth
 23535 | Lair:6   | Reached skill level 5 in Shields
 24180 | Lair:6   | Reached XP level 14. HP: 73/79 MP: 14/19
 25424 | D:11     | Found a roughly hewn altar of Beogh.
 25944 | D:11     | Reached ****** piety under Dithmenos
 26178 | D:12     | Found a staircase to the Orcish Mines.
 26393 | D:12     | Found a runed translucent door.
 26422 | D:12     | HP: 1/80 [fire crab (13)]
 26646 | D:12     | Noticed Snorg
 26652 | D:12     | Killed Snorg
 26975 | D:12     | Reached skill level 16 in Stealth
 27223 | D:12     | Noticed an entropy weaver
 27456 | D:12     | Identified a scroll of acquirement
 27458 | D:12     | Acquired the +1 buckler "Metulou" {Slay+3}
 27858 | D:13     | Found a hide-covered altar of Uskayaw.
 28032 | D:13     | Found an ancient bone altar of Kikubaaqudgha.
 28194 | D:13     | Found a gate to the Vaults.
 29290 | D:14     | Reached XP level 15. HP: 85/85 MP: 22/22
 29474 | D:14     | Reached XP level 16. HP: 91/91 MP: 23/23
 29487 | D:15     | Entered Level 15 of the Dungeon
 29518 | D:15     | Learned a level 2 spell: Song of Slaying
 30212 | D:15     | Found Puycer's Assorted Antiques.
 30241 | D:15     | Bought a shimmering steel ring for 130 gold pieces
 30241 | D:15     | Bought a scroll of enchant weapon for 195 gold pieces
 30242 | D:15     | Identified the ring "Siuchang" {*Tele rC+ Int+2} (You
                  | bought it in a shop on level 15 of the Dungeon)
 30274 | D:15     | Got a creamy pearl robe
 30285 | D:15     | Identified the +1 robe of the Swamp {rC+} (You found it on
                  | level 15 of the Dungeon)
 30381 | D:15     | Reached skill level 15 in Dodging
 30467 | D:15     | Reached skill level 17 in Stealth
 30522 | D:15     | Noticed Azrael
 31086 | D:15     | Noticed Kirke
 31105 | D:15     | Killed Kirke
 31637 | D:15     | Noticed Jorgrun
 31646 | D:15     | Killed Jorgrun
 31710 | D:15     | Killed Azrael
 31713 | D:15     | Found a staircase to the Depths.
 32414 | Swamp:1  | Entered Level 1 of the Swamp
 33401 | Spider:1 | Entered Level 1 of the Spider Nest
 34243 | Spider:1 | Reached skill level 10 in Slings
 35637 | Spider:2 | Learned a level 3 spell: Spectral Weapon
 35641 | Spider:2 | Learned a level 3 spell: Confusing Touch
 35734 | Spider:2 | Reached XP level 17. HP: 98/98 MP: 24/24
 36865 | Spider:2 | Reached skill level 5 in Charms
 37487 | Spider:3 | Noticed Arachne
 37501 | Spider:3 | Killed Arachne
 37501 | Spider:3 | Reached skill level 5 in Spellcasting
 37501 | Spider:3 | Reached skill level 5 in Hexes
 39592 | Spider:3 | Reached skill level 15 in Fighting
 39774 | Spider:4 | Entered Level 4 of the Spider Nest
 39774 | Spider:4 | Noticed Donald
 39776 | Spider:4 | Killed Donald
 40141 | Spider:4 | HP: 3/99 [wolf spider (4)]
 40141 | Spider:4 | Slain by a redback

Illustrated notes

Levels and vault maps discovered:
D:1:      dpeg_arrival_round_b, layout_basic, cheibriados_altar_1
D:2:      layout_rooms
D:3:      layout_loops_cross, overflow_temple_1_default,
          lightli_sewer_entry_pipes
D:4:      layout_rooms, minitemple, nicolae_ossuary_entry_false_entrances,
          uniq_grinder
D:5:      layout_rooms, basic_altar, first_ration, uniq_pikel
D:6:      layout_rooms
D:7:      layout_loops_corners, minmay_temple_entry_drinking_statues,
          ebering_ghost_inner_flame
D:8:      layout_loops_ring, david_nohive_1, serial_bayou_crossing
D:9:      layout_gridville, grunt_lair_entry_orc_guard_hut, enter_bailey_3
D:10:     layout_cave_pools, nicolae_trove_entry_free_sample
D:11:     layout_roguey [special_room_orc]
D:12:     gammafunk_mikee_crab_dinner, layout_grid_maze, erik_orc_3,
          grunt_decor_fettered, uniq_snorg
D:13:     layout_basic, david_vaults_1, minmay_misc_feat_enclosed,
          grunt_ministairs_11, hangedman_feature_mirror
D:14:     layout_rooms, chequers_serial_rivers_large_a, minmay_crystal_room
D:15:     gammafunk_depths_entry_grave, layout_basic, serial_shops,
          nicolae_shop_overgrown_old_shop, minmay_misc_feat_nine_boxes,
          serial_bayou_lake_a, uniq_kirke, uniq_jorgrun, uniq_azrael
Lair:1:   layout_chaotic_city
Lair:2:   layout_loops_ring, swamp_mist, minivault_19, patterned_corridor,
          uniq_nergalle
Lair:3:   layout_hall_layers, spider_nest_entry_rubble, serial_bayou,
          serial_bayou_shore_b, serial_bayou_lagoon_a, serial_bayou_shore_b,
          serial_bayou_pond_a, fungi_pond_lemuel, lemuel_fruit_tree,
          infiniplex_staircase_pool
Lair:4:   beast_lair_carwin_large_2, layout_gridlike, st_stairs_13,
          kilobyte_rumbling_trees
Lair:5:   beast_lair_carwin_large_4, layout_hall_layers,
          minmay_slime_entry_oklob_enclosed, serial_bayou_shore_b
Lair:6:   evilmike_catoblepas_cave, layout_long_grid,
          nicolae_lair_grove_arrangements, serial_bayou_ford_a, roderic_batcave,
          minivault_11
Swamp:1:  layout_falls_marsh, evilmike_swamp_ruin_house_5
Spider:1: layout_spider_delve, nicolae_spider_circle_web
Spider:2: layout_chambers, lemuel_hornet_nest
Spider:3: layout_spider_delve, nicolae_looking_at_the_future, uniq_arachne
Spider:4: floodkiller_spider_rune_tomb, special_room, uniq_donald

Skill      XL: |  1  2  3  4  5  6  7  8  9 10 11 12 13 14 15 16 17 |
---------------+----------------------------------------------------+-----
Stealth        | 6 7 8 9 10 12 13 14 15 16 17 | 17.5
Dodging        | 2 3 4 5 6 8 9 11 12 13 14 15 | 15.6
Fighting       | 2 3 4 5 7 8 9 10 11 12 13 14 15 | 15.1
Short Blades   | 3 4 5 6 8 9 10 | 10.0
Throwing       | 3 4 5 6 |  6.2
Slings         | 3 6 7 11 | 11.1
Shields        | 3 5 7 |  7.2
Evocations     | 3 6 8 |  8.0
Spellcasting   | 2 7 |  7.6
Hexes          | 2 6 |  6.0
Charms         | 3 6 |  6.0

Action                   |  1- 3 |  4- 6 |  7- 9 | 10-12 | 13-15 | 16-18 || total
-------------------------+-------+-------+-------+-------+-------+-------++-------
Melee: Dagger            |    70 |   364 |   451 |   878 |  1207 |  1296 ||  4266
 Fire: Hunting sling     |       |    44 |   131 |   314 |   213 |   342 ||  1044
Throw: Dart              |    29 |    37 |    74 |    56 |     4 |     2 ||   202
 Cast: Song of Slaying   |       |       |       |       |       |    23 ||    23
       Spectral Weapon   |       |       |       |       |       |     6 ||     6
       Confusing Touch   |       |       |       |       |       |     1 ||     1
Invok: Shadow Step       |       |       |       |       |     6 |    12 ||    18
Evoke: Wand              |       |       |     1 |    29 |    14 |    10 ||    54
       Phial of floods   |       |       |       |       |       |     1 ||     1
  Use: Scroll            |     5 |     4 |     9 |    14 |     7 |     8 ||    47
       Potion            |       |     1 |     3 |    13 |     6 |    16 ||    39
 Stab: Sleeping          |    10 |    15 |    14 |    49 |    78 |    49 ||   215
       Distracted        |       |       |     5 |     1 |     7 |     5 ||    18
       Invisible         |       |       |       |     2 |       |       ||     2
       Confused          |       |       |       |       |     5 |     2 ||     7
  Eat: Ration            |       |     1 |     3 |     5 |     5 |     8 ||    22
Armor: Robe              |     7 |    63 |    32 |    65 |    24 |       ||   191
       Steam dragon scal |       |       |       |       |     5 |   136 ||   141
       Troll leather arm |       |       |       |       |     1 |       ||     1
Dodge: Dodged            |    46 |   325 |   308 |   659 |   439 |  1181 ||  2958
Block: Other             |       |       |       |    11 |       |       ||    11
       Buckler           |       |       |       |    47 |   509 |   898 ||  1454
       Reflection        |       |       |       |       |    10 |     1 ||    11
